[Event "The Schackveckan 2023: Chessweek Elo-tournaments Group 1"]
[Site "Göteborgs schackcentrum, Vegagatan 20, Gothenburg, Sweden"]
[Date "2023.08.05"]
[Round "1.1"]
[White "Havner, Arvid"]
[Black "Frisk, Anders"]
[Result "0-1"]
[TimeControl "90 minutes for 40 moves + 30 minutes for the rest of the game + 30 seconds per move from move one."]
[WhiteFideId "1769308"]
[BlackFideId "1718797"]
[WhiteElo "1825"]
[BlackElo "1808"]

1. e4 c5 2. Nf3 Nc6 3. d4 cxd4 4. Nxd4 e5 5. Nb5 d6 6. N1c3 a6 7. Na3 Be7 8. Nd5 Nf6 9. Be3 Nxd5 10.
exd5 Nd4 11. Bxd4 exd4 12. Qxd4 O-O 13. c3 Bf6 14. Qd3 Re8+ 15. Be2 Qe7 16. Nc4 Bf5 17. Qd2 Bg5 18. Ne3 Bxe3 19. Qxe3 Qd7 20. Qd2 Qb5 21.
Kf1 Rxe2 22. a4 Rxd2+ 23. Ke1 0-1

[Event "The Schackveckan 2023: Chessweek Elo-tournaments Group 1"]
[Site "Göteborgs schackcentrum, Vegagatan 20, Gothenburg, Sweden"]
[Date "2023.08.05"]
[Round "1.2"]
[White "Bengtsson, Jonas"]
[Black "Johansson, Eva"]
[Result "0-1"]
[TimeControl "90 minutes for 40 moves + 30 minutes for the rest of the game + 30 seconds per move from move one."]
[WhiteFideId "1715135"]
[BlackFideId "1724584"]
[WhiteElo "2013"]
[BlackElo "1808"]

1. d4 d6 2. Nf3 Nd7 3. c4 e5 4. Nc3 Ngf6 5. e4 Be7 6. Be2 O-O 7. O-O c6 8. Re1 Qc7 9. Bf1 Re8 10.
d5 a5 11. b3 Nc5 12. a3 Bg4 13. Rb1 Ncd7 14. h3 Bh5 15. b4 Bf8 16. Qd3 Rec8 17. Bd2 axb4 18. axb4 Ra3 19. Bc1 Raa8 20.
Bb2 Qb6 21. Ba1 Ra3 22. dxc6 bxc6 23. Nd2 Bg6 24. Bb2 Raa8 25. Bc1 Rd8 26. Nf3 Be7 27. Qe2 Nf8 28. Rd1 Ne6 29. Be3 Qc7 30.
Qc2 d5 31. Bg5 Nxg5 32. Nxg5 d4 33. Na4 h6 34. Nf3 Bxe4 35. Bd3 Bxd3 0-1

[Event "The Schackveckan 2023: Chessweek Elo-tournaments Group 1"]
[Site "Göteborgs schackcentrum, Vegagatan 20, Gothenburg, Sweden"]
[Date "2023.08.05"]
[Round "1.3"]
[White "Pettersson, Anders 1981"]
[Black "Tobiasson, Bjorn"]
[Result "1-0"]
[TimeControl "90 minutes for 40 moves + 30 minutes for the rest of the game + 30 seconds per move from move one."]
[WhiteFideId "1715143"]
[BlackFideId "1773682"]
[WhiteElo "2003"]
[BlackElo "1830"]

1. d4 Nf6 2. c4 e5 3. dxe5 Ng4 4. e4 Nxe5 5. f4 Ng6 6. h4 Bb4+ 7. Bd2 Qe7 8. Ne2 Bxd2+ 9. Qxd2 Qxe4 10.
h5 Ne7 11. Qc3 Nf5 12. Rh3 d5 13. cxd5 O-O 14. g4 Nh6 15. g5 Nf5 16. Rd3 Na6 17. a3 Nc5 18. Rf3 Na4 19. Qd3 Qxd3 20.
Rxd3 Nxb2 21. Rc3 f6 22. g6 hxg6 23. hxg6 Ne7 24. Bg2 Bf5 25. Rxc7 Nxg6 26. Nd4 Rfe8+ 27. Kd2 Nxf4 28. Nxf5 Re2+ 29.
Kc3 Nd1+ 30. Kd4 Rxg2 31. Rxb7 Rd8 32. Ne7+ Kh7 33. Ke4 g5 34. Nc6+ Kg6 35. Nxd8 Re2+ 1-0

[Event "The Schackveckan 2023: Chessweek Elo-tournaments Group 1"]
[Site "Göteborgs schackcentrum, Vegagatan 20, Gothenburg, Sweden"]
[Date "2023.08.06"]
[Round "2.1"]
[White "Fransson, Lennart"]
[Black "Havner, Arvid"]
[Result "1/2-1/2"]
[TimeControl "90 minutes for 40 moves + 30 minutes for the rest of the game + 30 seconds per move from move one."]
[WhiteFideId "1706756"]
[BlackFideId "1769308"]
[WhiteElo "1834"]
[BlackElo "1825"]

1. b4 e6 2. Bb2 Nf6 3. a3 d5 4. g3 Bd7 5. Nf3 a5 6. bxa5 Nc6 7. Bg2 Bd6 8. O-O Qe7 9. d3 O-O 10.
Nbd2 Rxa5 11. a4 Rfa8 12. Qb1 b6 13. c4 Rxa4 14. Qc2 Nb4 15. Qb3 c5 16. cxd5 exd5 17. e4 Rxa1 18. Rxa1 Rxa1+ 19. Bxa1 dxe4 20. dxe4 Nxe4 21. Nxe4 Qxe4 22. Qxf7+ Kxf7 23. Ng5+ Kg6 24. Nxe4 Be7 25. Be5 Bc6 26. g4 c4 27.
f4 Kf7 28. Kf1 Nd3 29. Bc7 b5 30. Ng5+ Bxg5 31. Bxc6 c3 32. Bd5+ Ke7 33. Bb3 Bxf4 34. Ba5 Bd2 35. Bc2 Nc1 36.
Bxh7 Kd6 37. Bb4+ Kd5 38. Ba3 Kc4 39. Bg8+ Kd3 40. Bh7+ Ke3 41. Bxc1 Bxc1 42. Ke1 b4 43. Kd1 Ba3 44.
Kc2 Kf4 45. Bf5 g5 1/2-1/2

[Event "The Schackveckan 2023: Chessweek Elo-tournaments Group 1"]
[Site "Göteborgs schackcentrum, Vegagatan 20, Gothenburg, Sweden"]
[Date "2023.08.06"]
[Round "2.2"]
[White "Johansson, Eva"]
[Black "Pettersson, Anders 1981"]
[Result "0-1"]
[TimeControl "90 minutes for 40 moves + 30 minutes for the rest of the game + 30 seconds per move from move one."]
[WhiteFideId "1724584"]
[BlackFideId "1715143"]
[WhiteElo "1808"]
[BlackElo "2003"]

1. d4 c5 2. Nf3 Nf6 3. e3 e6 4. c4 b6 5. Be2 Bb7 6. O-O Be7 7. b3 O-O 8. Bb2 d6
9. Nc3 Nbd7 10. Rc1 Ne8 11. d5 e5 12. e4 a6 13. Ne1 Nc7 14. a4 Bc8 15. Rc2 Re8
16. Bc1 Nf8 17. f4 exf4 18. Bxf4 Bf6 19. Bd3 Ng6 20. Qf3 Nxf4 21. Qxf4 Qe7 22.
Nf3 Kh8 23. h3 Rg8 24. g4 g5 25. Qg3 b5 26. Nd1 bxa4 27. bxa4 Rb8 28. Re2 Rb3
29. Bc2 Bd4+ 30. Kh1 Ra3 31. Qh2 f6 32. Nxd4 cxd4 33. Nf2 a5 34. Bd3 Na6 35.
Bc2 Nc5 36. Qg2 Ba6 37. Rd1 Bxc4 38. Red2 Rb8 39. Rxd4 Be2 40. Rc1 Bf3 0-1

[Event "The Schackveckan 2023: Chessweek Elo-tournaments Group 1"]
[Site "Göteborgs schackcentrum, Vegagatan 20, Gothenburg, Sweden"]
[Date "2023.08.06"]
[Round "2.3"]
[White "Frisk, Anders"]
[Black "Bengtsson, Jonas"]
[Result "1/2-1/2"]
[TimeControl "90 minutes for 40 moves + 30 minutes for the rest of the game + 30 seconds per move from move one."]
[WhiteFideId "1718797"]
[BlackFideId "1715135"]
[WhiteElo "1808"]
[BlackElo "2013"]

1. c4 Nf6 2. Nc3 c5 3. e4 Nc6 4. g3 e6 5. Bg2 Be7 6. Nge2 Qb6 7. O-O O-O 8. d3 d6 9. Rb1 Nd4 10.
h3 Bd7 11. Be3 a5 12. b3 Qa7 13. Bd2 Rab8 14. Nxd4 cxd4 15. Nb5 Qb6 16. a4 d5 17. exd5 exd5 18. Qe1 Bd8 19. Bf4 Ra8 20.
Qd2 Bxb5 21. cxb5 Be7 22. Be5 Bb4 23. Qf4 Bc3 24. Bxf6 Qxf6 25. Qxf6 gxf6 26. Bxd5 Rab8 27. Be4 b6 28. Rbc1 Rbc8 29. Rc2 Rfe8 30.
f3 Rc5 31. g4 Kg7 32. Rff2 Re7 33. Rfe2 h6 34. Kf2 Kf8 35. Kf1 Bb4 36. Rxc5 Bxc5 37. Bc6 Rxe2 38. Kxe2 Bd6 39. f4 Bxf4 40.
Kf3 Be3 41. Ke4 Ke7 42. Kd5 Kd8 43. h4 Bf2 44. h5 Be3 45. Kc4 Kc7 46. Be8 Kd6 47. Bxf7 Bf2 48. b4 axb4 49. Kxb4 Be1+ 50.
Kc4 Ke5 51. Bg6 Ba5 52. Bf5 Be1 53. Be4 Ba5 54. Bf5 Be1 55. Be4 Ba5 1/2-1/2

[Event "The Schackveckan 2023: Chessweek Elo-tournaments Group 1"]
[Site "Göteborgs schackcentrum, Vegagatan 20, Gothenburg, Sweden"]
[Date "2023.08.06"]
[Round "2.4"]
[White "Harila, Per"]
[Black "Tobiasson, Bjorn"]
[Result "1/2-1/2"]
[TimeControl "90 minutes for 40 moves + 30 minutes for the rest of the game + 30 seconds per move from move one."]
[WhiteFideId "1707248"]
[BlackFideId "1773682"]
[WhiteElo "2016"]
[BlackElo "1830"]

1. d4 Nf6 2. c4 c5 3. d5 b5 4. cxb5 a6 5. bxa6 Bxa6 6. Nc3 g6 7. e4 Bxf1 8.
Kxf1 d6 9. g3 Bg7 10. Kg2 O-O 11. Nf3 Nbd7 12. a4 Ra6 13. h3 Qa8 14. Re1 Nb6 15.
Qc2 Rc8 16. Bf4 Nh5 17. Bg5 Bxc3 18. bxc3 f6 19. g4 Ng7 20. Bh6 Rxa4 21. Rxa4
Qxa4 22. Qb2 Rb8 23. Be3 Nd7 24. Qa1 Qb5 25. Qa2 Kf7 26. Bh6 Ne8 27. Be3 Nc7 28.
h4 Qb3 29. Ra1 Ne5 30. Nxe5+ fxe5 31. Qxb3 Rxb3 32. Ra7 Ne8 33. Bd2 Nf6 34. Kf3
Rb2 35. Bg5 Rb3 36. Bd2 Rb2 37. Bg5 Rb3 38. Bd2 1/2-1/2

[Event "The Schackveckan 2023: Chessweek Elo-tournaments Group 1"]
[Site "Göteborgs schackcentrum, Vegagatan 20, Gothenburg, Sweden"]
[Date "2023.08.07"]
[Round "3.1"]
[White "Pettersson, Anders 1981"]
[Black "Frisk, Anders"]
[Result "1-0"]
[TimeControl "90 minutes for 40 moves + 30 minutes for the rest of the game + 30 seconds per move from move one."]
[WhiteFideId "1715143"]
[BlackFideId "1718797"]
[WhiteElo "2003"]
[BlackElo "1808"]

1. d4 f5 2. Nc3 g6 3. h4 d5 4. e4 fxe4 5. f3 Nf6 6. fxe4 Bg4 7. Be2 Bxe2 8. Qxe2 Qd7 9. e5 Nh5 10.
Qf3 Nc6 11. Nge2 O-O-O 12. g4 Ng7 13. Bf4 h5 14. gxh5 gxh5 15. O-O-O Nf5 16. Bg5 Bh6 17. Nf4 Bxg5 18. hxg5 e6 19.
Nce2 h4 20. c3 Rdg8 21. Rdg1 Nce7 22. Nh5 Qc6 23. Nf6 Rg7 24. Kd2 Ng6 25. Nf4 Nxf4 26. Qxf4 Qb5 27. b3 c5 28. dxc5 Qxc5 29.
Rg4 Rd8 30. Rh3 d4 31. Ne4 Qa3 32. Nd6+ Nxd6 33. exd6 Qb2+ 34. Kd1 Qb1+ 35. Ke2 Qxa2+ 36. Kd3 Qa6+ 37. Kxd4 Rxd6+ 38. Ke5 Rgd7 39. Qc4+ Qxc4 40. Rxc4+ Kd8 41.
Rhxh4 Rd5+ 42. Kf6 Re7 43. Rhd4 Kd7 44. Rxd5+ exd5 45. Rc7+ 1-0

[Event "The Schackveckan 2023: Chessweek Elo-tournaments Group 1"]
[Site "Göteborgs schackcentrum, Vegagatan 20, Gothenburg, Sweden"]
[Date "2023.08.07"]
[Round "3.2"]
[White "Bengtsson, Jonas"]
[Black "Fransson, Lennart"]
[Result "1/2-1/2"]
[TimeControl "90 minutes for 40 moves + 30 minutes for the rest of the game + 30 seconds per move from move one."]
[WhiteFideId "1715135"]
[BlackFideId "1706756"]
[WhiteElo "2013"]
[BlackElo "1834"]

1. d4 f5 2. g3 Nf6 3. Bg2 e6 4. c4 d6 5. Nf3 Be7 6. Nc3 O-O 7. O-O Qe8 8. b3 Ne4 9. Nxe4 fxe4 10.
Ne1 d5 11. f3 exf3 12. Nxf3 c6 13. Bb2 Nd7 14. Qc2 Qh5 15. e4 dxc4 16. Qxc4 Nf6 17. Rae1 Bd7 18. Ne5 Ng4 19. Nxg4 Qxg4 20.
Bc1 Bd6 21. e5 Be7 22. Bf4 g5 23. h3 Qh5 24. Bd2 Rxf1+ 25. Rxf1 Rf8 26. Rxf8+ Kxf8 27. Bb4 Qf7 28. a4 Kg7 29.
Bc5 a6 30. Qb4 Bxc5 31. Qxc5 Be8 32. Qb6 Qd7 33. Kf2 Bg6 34. Ke3 Kh6 35. h4 gxh4 36. gxh4 Qf7 37. Qd8 Qf5 38. Bf3 Qd3+ 39.
Kf4 Qd2+ 40. Kg3 Qe1+ 41. Kf4 Qd2+ 42. Kg3 Qe1+ 1/2-1/2

[Event "The Schackveckan 2023: Chessweek Elo-tournaments Group 1"]
[Site "Göteborgs schackcentrum, Vegagatan 20, Gothenburg, Sweden"]
[Date "2023.08.07"]
[Round "3.3"]
[White "Tobiasson, Bjorn"]
[Black "Johansson, Eva"]
[Result "1/2-1/2"]
[TimeControl "90 minutes for 40 moves + 30 minutes for the rest of the game + 30 seconds per move from move one."]
[WhiteFideId "1773682"]
[BlackFideId "1724584"]
[WhiteElo "1830"]
[BlackElo "1808"]

1. d4 d6 2. Nf3 Nd7 3. c4 e5 4. e4 Be7 5. Nc3 c6 6. Be3 Ngf6 7. h3 Qc7 8. Be2 O-O 9. O-O Re8 10.
Qc2 b6 11. b4 Bb7 12. b5 c5 13. d5 Nf8 14. a4 Ng6 15. a5 bxa5 16. Nd2 a6 17. Nb3 axb5 18. Nxb5 Qd8 19. Ra4 Nf4 20.
Bf3 g5 21. Rfa1 h5 22. Nxa5 Qd7 23. Nxb7 Qxb7 24. Ra7 Rxa7 25. Rxa7 Qb8 26. Bxf4 exf4 27. Qe2 Kg7 28. Bxh5 Nxh5 29. Qxh5 Rh8 30. Qg4 Qd8 31. Rd7 Qf8 32.
Qf5 Rh6 33. e5 dxe5 34. Qxe5+ Bf6 35. Qc7 Qe8 36. Kf1 Qe4 37. Rxf7+ Kg6 38. Kg1 Qe1+ 39. Kh2 Qxf2 40. Rxf6+ Kxf6 41.
Qd6+ Kg7 42. Qe7+ Kg6 43. Qe8+ Qe1 1/2-1/2

[Event "The Schackveckan 2023: Chessweek Elo-tournaments Group 1"]
[Site "Göteborgs schackcentrum, Vegagatan 20, Gothenburg, Sweden"]
[Date "2023.08.07"]
[Round "3.4"]
[White "Havner, Arvid"]
[Black "Harila, Per"]
[Result "1-0"]
[TimeControl "90 minutes for 40 moves + 30 minutes for the rest of the game + 30 seconds per move from move one."]
[WhiteFideId "1769308"]
[BlackFideId "1707248"]
[WhiteElo "1825"]
[BlackElo "2016"]

1. e4 c5 2. Nf3 g6 3. d4 cxd4 4. Nxd4 Nc6 5. Nc3 Bg7 6. Be3 Nf6 7. Bc4 O-O 8. f3 Qb6 9. Qd2 Nxe4 10.
Nxc6 Nxd2 11. Nxe7+ Kh8 12. Bxb6 Nxc4 13. Bf2 Re8 14. Ncd5 Bxb2 15. O-O Rxe7 16. Nxe7 Bxa1 17. Rxa1 Kg7 18.
Bd4+ Kf8 19. Nd5 d6 20. Nc7 1-0

[Event "The Schackveckan 2023: Chessweek Elo-tournaments Group 1"]
[Site "Göteborgs schackcentrum, Vegagatan 20, Gothenburg, Sweden"]
[Date "2023.08.08"]
[Round "4.1"]
[White "Fransson, Lennart"]
[Black "Pettersson, Anders 1981"]
[Result "0-1"]
[TimeControl "90 minutes for 40 moves + 30 minutes for the rest of the game + 30 seconds per move from move one."]
[WhiteFideId "1706756"]
[BlackFideId "1715143"]
[WhiteElo "1834"]
[BlackElo "2003"]

1. c3 d5 2. d3 c5 3. g3 Nc6 4. Bg2 e5 5. Nf3 Nge7 6. O-O Ng6 7. e4 d4 8. cxd4 cxd4 9. Ne1 Bd6 10.
Qh5 O-O 11. Nd2 Be6 12. f4 exf4 0-1

[Event "The Schackveckan 2023: Chessweek Elo-tournaments Group 1"]
[Site "Göteborgs schackcentrum, Vegagatan 20, Gothenburg, Sweden"]
[Date "2023.08.08"]
[Round "4.2"]
[White "Frisk, Anders"]
[Black "Tobiasson, Bjorn"]
[Result "0-1"]
[TimeControl "90 minutes for 40 moves + 30 minutes for the rest of the game + 30 seconds per move from move one."]
[WhiteFideId "1718797"]
[BlackFideId "1773682"]
[WhiteElo "1808"]
[BlackElo "1830"]

1. c4 c6 2. e4 d5 3. cxd5 cxd5 4. exd5 Qxd5 5. Nc3 Qa5 6. d4 e6 7. Nf3 Nf6 8. Bd3 Bd7 9. O-O Be7 10.
Re1 Nc6 11. Bd2 Nb4 12. Bb1 Qc7 13. Ne5 Bc6 14. a3 Nbd5 15. Nxc6 Qxc6 16. Bd3 a6 17. Rc1 Qb6 18. Qa4+ Kf8 19.
Rb1 Rc8 20. Ne4 h5 21. Nc5 g6 22. Rbc1 Kg7 23. b4 Rhd8 24. Qb3 Nc7 25. Qb2 Nb5 26. Be3 Nd5 27. Be4 Bf6 28. a4 Nd6 29.
Bf3 Nf5 30. Bxd5 Rxd5 31. Nxe6+ Qxe6 32. Bh6+ Kxh6 33. Rxe6 Rxc1+ 34. Qxc1+ Bg5 35. Qc8 Rd8 36. Rxg6+ fxg6 37. Qxb7 Rxd4 38.
h3 h4 39. Kf1 Kh5 40. Qh7+ Bh6 41. Qb7 Bd2 42. b5 a5 43. Qf3+ Kh6 44. b6 Rb4 45. b7 Rb1+ 46. Ke2 Nd4+ 0-1

[Event "The Schackveckan 2023: Chessweek Elo-tournaments Group 1"]
[Site "Göteborgs schackcentrum, Vegagatan 20, Gothenburg, Sweden"]
[Date "2023.08.08"]
[Round "4.3"]
[White "Harila, Per"]
[Black "Johansson, Eva"]
[Result "1/2-1/2"]
[TimeControl "90 minutes for 40 moves + 30 minutes for the rest of the game + 30 seconds per move from move one."]
[WhiteFideId "1707248"]
[BlackFideId "1724584"]
[WhiteElo "2016"]
[BlackElo "1808"]

1. d4 d6 2. Nf3 Nf6 3. Bf4 g6 4.
Nc3 c6 5. Qd2 b5 6. h4 h5 7. Ng5 Bg7 8. f3 b4 9. Nce4 Nd5 10. Bg3 a5 11. e3 Ba6 12. Bd3 O-O 13. Bf2 Bxd3 14. cxd3 Qd7 15. O-O Na6 16. Rac1 Rac8 17. Rc2 f5 18.
Ng3 f4 19. Ne2 fxe3 20. Bxe3 Nxe3 21. Qxe3 Nc7 22. Rfc1 Nd5 23. Qe6+ Qxe6 24. Nxe6 Bh6 25. Nxf8 Bxc1 26. Rxc1 Kxf8 1/2-1/2

[Event "The Schackveckan 2023: Chessweek Elo-tournaments Group 1"]
[Site "Göteborgs schackcentrum, Vegagatan 20, Gothenburg, Sweden"]
[Date "2023.08.08"]
[Round "4.4"]
[White "Havner, Arvid"]
[Black "Bengtsson, Jonas"]
[Result "1-0"]
[TimeControl "90 minutes for 40 moves + 30 minutes for the rest of the game + 30 seconds per move from move one."]
[WhiteFideId "1769308"]
[BlackFideId "1715135"]
[WhiteElo "1825"]
[BlackElo "2013"]

1. e4 c5 2. Nf3 e6 3. d4 cxd4 4. Nxd4 Nf6 5. Nc3 d6 6. Bg5 Be7 7. Qd2 h6 8. Bxf6 Bxf6 9. Ndb5 O-O 10.
O-O-O Qb6 11. Qxd6 Nc6 12. Qg3 a6 13. Nd6 Bxc3 14. Qxc3 Qxf2 15. Bc4 Qf4+ 16. Qd2 Qe5 17. Qf2 b5 18.
Bb3 Na5 19. Rhf1 Nxb3+ 20. axb3 Qg5+ 21. Qd2 Qxd2+ 22. Rxd2 Ra7 23. e5 Bd7 24. c4 Bc6 25. Kc2 Rd8 26. Kc3 bxc4 27. bxc4 a5 28.
Ra1 Rdd7 29. Nc8 Ra6 30. Rxd7 Bxd7 31. Nd6 Kf8 32. Nb7 Bc6 33. Nxa5 Bxg2 34. b4 f5 35. b5 Ra8 36. b6 Ke8 37.
Kb4 f4 38. Rd1 g5 39. c5 Rd8 40. b7 Rb8 41. Kc3 Bd5 42. h4 g4 43. Rd4 g3 44. Rxf4 g2 45. Rg4 Kf8 46. c6 Bxc6 47.
Nxc6 Rxb7 48. Nd4 Rg7 49. Nxe6+ 1-0

[Event "The Schackveckan 2023: Chessweek Elo-tournaments Group 1"]
[Site "Göteborgs schackcentrum, Vegagatan 20, Gothenburg, Sweden"]
[Date "2023.08.09"]
[Round "5.1"]
[White "Pettersson, Anders 1981"]
[Black "Havner, Arvid"]
[Result "0-1"]
[TimeControl "90 minutes for 40 moves + 30 minutes for the rest of the game + 30 seconds per move from move one."]
[WhiteFideId "1715143"]
[BlackFideId "1769308"]
[WhiteElo "2003"]
[BlackElo "1825"]

1. d4 Nf6 2. c4 e6 3. Nc3 Bb4 4. Bg5 c5 5. d5 exd5 6. cxd5 d6 7. Qc2 O-O 8. e3 Nbd7 9. Bd3 h6 10.
h4 Qa5 11. O-O-O Bxc3 12. bxc3 b5 13. Ne2 b4 14. c4 Ng4 15. Bh7+ Kh8 16. Nf4 Qa3+ 17. Kb1 b3 18. axb3 Rb8 19.
Rd3 Kxh7 20. Be7 Re8 21. Bxd6 Rb6 22. Bc7 Ra6 23. Rd2+ Kg8 24. Qb2 Qxb2+ 25. Kxb2 Ndf6 26. Nd3 Ne4 27.
Re2 Re7 28. Bf4 g5 29. hxg5 hxg5 30. f3 gxf4 31. fxe4 fxe3 32. Nxc5 Rf6 33. Kc3 Re5 34. Kd4 Re8 35. Ra1 a6 36.
Nd3 Kf8 37. Rh1 Kg7 38. c5 Nf2 39. Nxf2 exf2 40. Rf1 Rf4 41. Rfxf2 Rexe4+ 42. Rxe4 Rxf2 43. c6 Kf6 44.
d6 Be6 45. Re3 Rd2+ 46. Kc5 Rd5+ 47. Kb6 Rxd6 48. Rc3 Bd5 49. g3 Ke7 50. b4 Kd8 51. Rc5 f5 52. Kb7 Be4 53. Kb6 Rg6 54.
Rc4 Rxg3 55. Rd4+ Kc8 56. Kxa6 Bxc6 57. b5 Ra3+ 58. Kb6 Be4 59. Rc4+ Kd7 60. Kc5 Rb3 61. Rd4+ Ke6 62. b6 Ke5 63.
Rd8 Kf4 64. Rd6 Kf3 65. Rf6 f4 66. Kd4 Rd3+ 67. Ke5 Rd5+ 68. Ke6 Rb5 69. Kd7 Ke3 70. Kc7 f3 71. Rf8 f2 0-1

[Event "The Schackveckan 2023: Chessweek Elo-tournaments Group 1"]
[Site "Göteborgs schackcentrum, Vegagatan 20, Gothenburg, Sweden"]
[Date "2023.08.09"]
[Round "5.2"]
[White "Tobiasson, Bjorn"]
[Black "Fransson, Lennart"]
[Result "0-1"]
[TimeControl "90 minutes for 40 moves + 30 minutes for the rest of the game + 30 seconds per move from move one."]
[WhiteFideId "1773682"]
[BlackFideId "1706756"]
[WhiteElo "1830"]
[BlackElo "1834"]

1. d4 Nf6 2. c4 c5 3. d5 d6 4.
Nc3 g6 5. Nf3 Bg7 6. Qc2 O-O 7. g3 Na6 8. a3 Bd7 9. Bg2 Nc7 10. Rb1 b5 11. Nd2 Rb8 12. O-O bxc4 13. Nxc4 Nb5 14.
Nxb5 Rxb5 15. b4 cxb4 16. axb4 Nxd5 17. Na3 Nxb4 18. Qd2 a5 19. Nxb5 Bxb5 20. Bb2 Bxb2 21. Rxb2 Bc4 22. Rc1 d5 23.
Bf1 Qb6 24. e3 Bxf1 25. Kxf1 e5 26. Kg1 Re8 27. Rbb1 e4 28. Qc3 Qe6 29. Rd1 Rc8 30. Qd4 Rc4 31. Qa7 Nc6 32. Qa8+ Kg7 33.
Rb6 Rc2 34. Rf1 d4 35. exd4 e3 36. Rxc6 exf2+ 37. Kg2 Qe4+ 38. Kh3 Qf5+ 39. Kg2 Qd5+ 40. Kh3 Qd7+ 41. Re6 a4 42. Kg2 fxe6 0-1

[Event "The Schackveckan 2023: Chessweek Elo-tournaments Group 1"]
[Site "Göteborgs schackcentrum, Vegagatan 20, Gothenburg, Sweden"]
[Date "2023.08.09"]
[Round "5.3"]
[White "Johansson, Eva"]
[Black "Frisk, Anders"]
[Result "0-1"]
[TimeControl "90 minutes for 40 moves + 30 minutes for the rest of the game + 30 seconds per move from move one."]
[WhiteFideId "1724584"]
[BlackFideId "1718797"]
[WhiteElo "1808"]
[BlackElo "1808"]

1. d4 f5 2. g3 Nf6 3.
Bg2 g6 4. b3 Bg7 5. Bb2 d6 6. Nf3 O-O 7. O-O c6 8. c4 Na6 9. a3 Ne4 10. Nbd2 Nac5 11. Qc2 Nxd2 12. Nxd2 Ne6 13.
d5 Nd4 14. Bxd4 Bxd4 15. Rad1 cxd5 16. Bxd5+ e6 17. Bg2 Qb6 18.
e3 Bf6 19. Qd3 Rd8 20. Nf3 d5 21. cxd5 Bd7 22. Nd2 e5 23. e4 Rac8 24. Rc1 Bg5 25. Rxc8 Rxc8 26. Nc4 Qc7 27. Rd1 b5 28.
Ne3 Qc5 29. h4 Bh6 30. b4 Qc3 31. exf5 Bxe3 32. fxe3 Bxf5 33. e4 Bg4 34. Rd2 Qc1+ 35. Kh2 Rc3 0-1

[Event "The Schackveckan 2023: Chessweek Elo-tournaments Group 1"]
[Site "Göteborgs schackcentrum, Vegagatan 20, Gothenburg, Sweden"]
[Date "2023.08.09"]
[Round "5.4"]
[White "Bengtsson, Jonas"]
[Black "Harila, Per"]
[Result "1-0"]
[TimeControl "90 minutes for 40 moves + 30 minutes for the rest of the game + 30 seconds per move from move one."]
[WhiteFideId "1715135"]
[BlackFideId "1707248"]
[WhiteElo "2013"]
[BlackElo "2016"]

1. d4 f5 2. g3 Nf6 3. Bg2 e6 4. c4 d5 5. Nh3 c6 6. O-O Bd6 7. Bf4 Be7 8. Qc2 O-O 9. Nc3 h6 10.
Rad1 Bd7 11. b3 Be8 12. f3 Bh5 13. Bc1 Bd6 14. Nf4 Qe7 15. Nxh5 Nxh5 16. e4 Nxg3 17. hxg3 Bxg3 18. e5 f4 19.
Bh3 Nd7 20. Ne2 Rf7 21. Nxg3 fxg3 22. Qg6 Nf8 23. Qxg3 g5 24. f4 Rg7 25. f5 exf5 26. Bxf5 Ng6 27. Bxg6 Rxg6 28. Qg4 Qg7 29.
Ba3 a5 30. e6 h5 31. Qf5 1-0

[Event "The Schackveckan 2023: Chessweek Elo-tournaments Group 1"]
[Site "Göteborgs schackcentrum, Vegagatan 20, Gothenburg, Sweden"]
[Date "2023.08.10"]
[Round "6.1"]
[White "Bengtsson, Jonas"]
[Black "Pettersson, Anders 1981"]
[Result "0-1"]
[TimeControl "90 minutes for 40 moves + 30 minutes for the rest of the game + 30 seconds per move from move one."]
[WhiteFideId "1715135"]
[BlackFideId "1715143"]
[WhiteElo "2013"]
[BlackElo "2003"]

1. d4 d5 2. c4 e6 3. Nc3 c6 4. e4 dxe4 5. Nxe4 Bb4+ 6. Bd2 Qxd4 7. Bxb4 Qxe4+ 8. Be2 Na6 9. Bd6 Qxg2 10.
Bf3 Qg5 11. Ne2 Ne7 12. Rg1 Qa5+ 13. Kf1 Nf5 14. Ba3 Bd7 15. Nd4 O-O-O 16. Nxf5 exf5 17. Rxg7 Be6 18. Qc1 Qe5 19. Rg2 f4 20.
b3 Rhg8 21. Bb2 Qf5 22. Qc3 Rxg2 23. Bxg2 Nc5 24. Kg1 Nd3 25. f3 Qc5+ 0-1

[Event "The Schackveckan 2023: Chessweek Elo-tournaments Group 1"]
[Site "Göteborgs schackcentrum, Vegagatan 20, Gothenburg, Sweden"]
[Date "2023.08.10"]
[Round "6.2"]
[White "Havner, Arvid"]
[Black "Tobiasson, Bjorn"]
[Result "0-1"]
[TimeControl "90 minutes for 40 moves + 30 minutes for the rest of the game + 30 seconds per move from move one."]
[WhiteFideId "1769308"]
[BlackFideId "1773682"]
[WhiteElo "1825"]
[BlackElo "1830"]

1. e4 c6 2. d4 d5 3. e5 c5 4.
dxc5 e6 5. a3 Bxc5 6. b4 Be7 7. Qg4 g6 8. Bd3 Nc6 9. Nf3 h5 10. Qg3 h4 11. Qf4 g5 12. Qg4 Kd7 13. b5 Na5 14.
Nxg5 Nh6 15. Qxh4 Nf5 16. Qg4 Rh4 17. Qf3 Bxg5 18. Bxf5 Bxc1 19. O-O Ke8 20. g3 Qg5 21. Kh1 Rc4 22.
Bd3 Rc7 23. h4 Qxe5 24. Ra2 Bb2 25. Qg4 Qg7 26. Qb4 Bc3 27. Nxc3 Qxc3 28. Qg4 Qf6 29. Qg8+ Ke7 30. h5 b6 31.
Qg4 Bb7 32. f4 Nc4 33. Qg5 Qxg5 34. fxg5 Rg8 35. g6 fxg6 36. Bxg6 Ne5 0-1

[Event "The Schackveckan 2023: Chessweek Elo-tournaments Group 1"]
[Site "Göteborgs schackcentrum, Vegagatan 20, Gothenburg, Sweden"]
[Date "2023.08.10"]
[Round "6.3"]
[White "Fransson, Lennart"]
[Black "Johansson, Eva"]
[Result "1-0"]
[TimeControl "90 minutes for 40 moves + 30 minutes for the rest of the game + 30 seconds per move from move one."]
[WhiteFideId "1706756"]
[BlackFideId "1724584"]
[WhiteElo "1834"]
[BlackElo "1808"]

1. c4 Nf6 2. g3 e5 3. Bg2 c6 4. d4 e4 5. d5 Bb4+ 6. Bd2 Qb6 7. e3 cxd5 8. cxd5 O-O 9. Bxb4 Qxb4+ 10. Qd2 Nxd5 11. Nc3 Nxc3 12. Qxc3 Qxc3+ 13. bxc3 d5 14. O-O-O Be6 15. f3 f5 16. Ne2 g5 17. h4 g4 18.
fxg4 fxg4 19. Nf4 Bf5 20. h5 Nc6 21. Rxd5 Rac8 22. Kb2 b6 23. h6 Na5 24. Bf1 Rc6 25. Rh5 Bg6 26. Rhg5 Rfc8 27.
Rxg4 Nc4+ 28. Bxc4 Rxc4 29. Rd7 Rxc3 30. Nxg6 hxg6 31. Rxg6+ Kh8 32. Rgg7 1-0